 Dungeon Crawl Stone Soup version 0.28.0 (webtiles) character file.

Game seed: 18147150496127950522

30 crazypyro the Shield-Bearer (level 3, -6/33 HPs)
             Began as a Minotaur Fighter on Feb 8, 2022.
             Engulfed by a cloud of flame (26 damage)
             ... on level 1 of the Dungeon.
             The game lasted 00:00:39 (545 turns).

crazypyro the Shield-Bearer (Minotaur Fighter)       Turns: 545, Time: 00:00:40

Health: -6/33      AC:  7    Str: 22    XL:     3   Next: 3%
Magic:  2/2        EV:  9    Int:  5    God:
Gold:   34         SH:  4    Dex:  9    Spells: 2/2 levels left

rFire   . . .      SeeInvis .   a - +0 war axe
rCold   . . .      Faith    .   c - +0 buckler
rNeg    . . .      Spirit   .   b - +0 scale mail
rPois   .          Reflect  .   (helmet restricted)
rElec   .          Harm     .   (no cloak)
rCorr   .          Rampage  .   (no gloves)
Will    .....                   (no boots)
Stlth   ..........              (no amulet)
HPRegen 0.11/turn               (no ring)
MPRegen 0.08/turn               (no ring)

@: no status effects
A: horns 2, retaliatory headbutt
a: no special abilities


You were on level 1 of the Dungeon.
You visited 1 branch of the dungeon, and saw 1 of its levels.

You collected 34 gold pieces.

Inventory:

Hand Weapons
 a - a +0 war axe (weapon)
Armour
 b - a +0 scale mail (worn)
 c - a +0 buckler (worn)
Potions
 d - a potion of might
 e - a potion of curing {unknown}


   Skills:
 - Level 4.0 Fighting
 * Level 3.2 Axes
 - Level 4.0 Armour
 - Level 4.0 Shields


You had 2 spell levels left.
You didn't know any spells.
Your spell library was empty.

Dungeon Overview and Level Annotations

Branches:
Dungeon (1/15)

Altars:


Innate Abilities, Weirdness & Mutations

You have a pair of horns on your head.
You reflexively headbutt those who attack you in melee.


Message History

You barely miss the kobold. Your headbutt misses the kobold.
The bat barely misses you. x2; You block the kobold's attack.
You slash the kobold!
You kill the kobold!
You hit the bat.
You kill the bat!
No target in view!
No target in view!
No target in view!
Things that are here:
a +0 short sword; 5 stones; a kobold corpse
There is a shaft here.
Found a faded altar of an unknown god.
A dart slug comes into view.
Found a robe.
You slash the dart slug!
You kill the dart slug!
You hit the plant.
The plant begins to die.
You slash the plant!
The plant begins to die.
You have reached level 3!
Your experience leads to an increase in your attributes!
Increase (S)trength, (I)ntelligence, or (D)exterity?
You feel stronger. x2
You see here a dart slug corpse.
A nearby plant withers and dies.
Things that are here:
a +0 robe; a human skeleton A nearby plant withers and dies.
Found a polished flail.
A goblin comes into view. It is wielding a +0 club.
No reachable target in view!
Unknown command.
The goblin is engulfed in blazing flames.
The goblin dies!
Really walk into a travel-excluded area?
You now have 34 gold pieces (gained 10).
You are engulfed in blazing flames.
You are engulfed in blazing flames.
Ouch! That really hurt!
You die...

........####.###............#
#....##.......#####........##
..##..........# #.......##
..########...## ##.#######
.....# #○○○# #......# .....#
#§.§# #......# ..#..# #§§§#
#......#
..#..#####...#####......#
###....☼☼..$(.☼○@.......#
#...○☼§.?)..○°§.#######
##..○○§.....°☼§.#
#.#####...###### #.# #§☼ #
#.# #§ .# #.# # §§#
#.#####...# #........#


There were no monsters in sight!

Vanquished Creatures
  3 dart slugs (D:1)
  3 bats (D:1)
  3 endoplasms (D:1)
  2 giant cockroaches (D:1)
  3 hobgoblins (D:1)
  2 jackals (D:1)
  2 kobolds (D:1)
  A rat (D:1)
19 creatures vanquished.

Vanquished Creatures (others)
  A goblin (D:1)
  A rat (D:1)
  2 plants (D:1)
4 creatures vanquished.

Grand Total: 23 creatures vanquished

Notes
Turn   | Place    | Note
-------+----------+-------------------------------------------
     0 | D:1      | crazypyro the Minotaur Fighter began the quest for the Orb.
     0 | D:1      | Reached XP level 1. HP: 19/19 MP: 0/0
    48 | D:1      | Reached XP level 2. HP: 24/27 MP: 1/1
   366 | D:1      | Found a faded altar of an unknown god.
   370 | D:1      | Reached XP level 3. HP: 33/33 MP: 2/2
   545 | D:1      | Engulfed by a cloud of flame

Illustrated notes

Levels and vault maps discovered:
D:1:      mrwooster_arrival_arrow, layout_rooms,
          dreamdust_ecumenical_altar_hidden_monk_grotto, lemuel_flame_loot_1

Skill      XL: |  1  2 |
---------------+-------+-----
Armour         | 4 |  4.0
Shields        | 4 |  4.0
Fighting       | 4 |  4.0
Axes           | 3 |  3.2

Action                   || total
-------------------------++-------
Melee: War axe           ||    29
       Headbutt          ||     4
Armor: Scale mail        ||    10
Dodge: Dodged            ||    14
Block: Buckler           ||     6
